 Dungeon Crawl Stone Soup version 0.24-a0-125-gdf02491 (webtiles) character file.

Game seed: 18339941728407965299

1064 JeffiDaFish the Covered (level 8, -4/70 HPs)
             Began as a Minotaur Fighter on Feb 24, 2019.
             Slain by an orc warrior
             ... wielding a +0 mace
              (5 damage)
             ... on level 6 of the Dungeon.
             The game lasted 00:10:01 (3981 turns).

JeffiDaFish the Covered (Minotaur Fighter)          Turns: 3981, Time: 00:10:02

Health: -4/70      AC: 10    Str: 23 (24) XL:     8   Next: 6%
Magic:  7/7        EV: 11    Int:  4 (5)  God:
Gold:   252        SH:  0    Dex:  9      Spells: 7/7 levels left

rFire    . . .     SeeInvis .   a - +0 war axe
rCold    . . .     Gourm    .   (no shield)
rNeg     . . .     Faith    .   b - +1 scale mail
rPois    .         Spirit   .   (helmet restricted)
rElec    .         Reflect  .   n - +0 cloak
rCorr    .         Harm     .   (no gloves)
MR       .....                  (no boots)
Stlth    ..........             g - amulet of rage
HPRegen  0.21/turn              (no ring)
MPRegen  0.10/turn              (no ring)

@: no status effects
A: retaliatory headbutt, horns 2
a: Evoke Berserk Rage


You were on level 6 of the Dungeon.
You were not hungry.

You visited 1 branch of the dungeon, and saw 6 of its levels.

You collected 252 gold pieces.

Inventory:

Hand Weapons
 a - a +0 war axe (weapon)
Armour
 b - a +1 scale mail (worn)
 n - a +0 cloak (worn)
Jewellery
 g - an amulet of rage (around neck)
Wands
 l - a wand of scattershot (4)
 m - a wand of polymorph (9)
Scrolls
 h - 2 scrolls of teleportation
 i - 6 scrolls of identify
 j - 2 scrolls of remove curse
 k - a scroll of blinking
Potions
 d - 2 potions of might
 e - 4 potions of curing
Comestibles
 f - 10 rations


   Skills:
 + Level 5.8 Fighting
 * Level 6.9 Axes
 * Level 7.4 Armour
 + Level 3.6 Dodging
   Level 3.9 Shields


You had 7 spell levels left.
You didn't know any spells.
Your spell library was empty.

Dungeon Overview and Level Annotations

Branches:
Dungeon (6/15)
 Temple: D:4-7

Altars:
Fedhas
Nemelex Xobeh
Qazlal
Sif Muna

Shops:
D:4 [


Innate Abilities, Weirdness & Mutations

You reflexively headbutt those who attack you in melee.
You have a pair of horns on your head.


Message History

The tomahawk hits you but does no damage.
You slash the orc warrior!
The orc warrior is severely wounded.
The orc warrior closely misses you.
The orc throws a tomahawk.
The tomahawk barely misses you.
You hit the orc warrior but do no damage.
The orc warrior is severely wounded.
The orc warrior closely misses you.
The orc throws a tomahawk.
The tomahawk completely misses you.
You hit the orc warrior but do no damage.
You headbutt the orc warrior.
The orc warrior is almost dead.
The orc warrior hits you with a +0 mace!
* * * LOW HITPOINT WARNING * * *
The orc throws a tomahawk.
The tomahawk hits you.
* * * LOW HITPOINT WARNING * * *
An orc comes into view. It is wielding a +0 trident.
It was a potion of magic.
Magic courses through your body.
The orc warrior hits you with a +0 mace.
You die...

,***,**,,,,,,**,,,,,>,,,,,,,,*
,*,,,,,**,,.o***************,*
,*,*,*,**#,#.,,,,,,,,,,,* *,*
,*,*,,.#*#.#.*****####*,* *,*
,*,,,,...#.#.*####...##,** *,*
,*,,,_,,.....,,..........# *,*
,,,*,,,,,*...,,,....,*#..# *,*
,,,***,,,###.####o#***#..# *,*
,,,* *,,,#......@o# #..# *,* ,,,*
*,,,#........# #..# *,* ,,,*
*,,,#........# #..# *,* ,,,*
****#........#####..# *,* ,,,*
#....(..........# *,**** ****
###.###########.# *,,,,, #######
#.,,,,........####****
......############..>.......# *,,
.......รท.........#.########.#**,*


You could see an orc warrior and an orc.

Vanquished Creatures
  Menkaure (D:5)
  2 sky beasts (D:5)
  A phantom (D:6)
  A scorpion (D:6)
  3 wights (D:6)
  An orc priest (D:6)
  2 hounds
  A bullfrog skeleton (D:5)
  2 centaur skeletons
  An iguana (D:5)
  3 orc wizards
  11 adders
  An adder skeleton (D:5)
  4 worms
  2 dart slugs (D:2)
  3 leopard geckos
  13 orcs
  3 ball pythons
  4 bats
  4 giant cockroaches
  4 goblins
  10 hobgoblins
  2 jackals (D:6)
  2 quokkas
  6 frilled lizards
  A giant cockroach zombie (D:5)
  5 kobolds
  9 rats
102 creatures vanquished.

Notes
Turn   | Place    | Note
-------+----------+-------------------------------------------
     0 | D:1      | JeffiDaFish the Minotaur Fighter began the quest for the
                  | Orb.
     0 | D:1      | Reached XP level 1. HP: 19/19 MP: 0/0
   138 | D:1      | Reached XP level 2. HP: 27/27 MP: 1/1
   573 | D:2      | Found a faded altar of an unknown god.
   579 | D:2      | Reached skill level 4 in Armour
   579 | D:2      | Reached XP level 3. HP: 31/33 MP: 2/2
   842 | D:2      | Reached XP level 4. HP: 38/40 MP: 3/3
   843 | D:2      | Found a deep blue altar of Sif Muna.
   891 | D:2      | Reached skill level 1 in Dodging
  1540 | D:3      | Reached XP level 5. HP: 47/47 MP: 4/4
  2065 | D:4      | Reached skill level 5 in Armour
  2203 | D:4      | Found Jullos's Armour Shop.
  2245 | D:4      | Reached XP level 6. HP: 13/53 MP: 5/5
  2477 | D:4      | Found a blossoming altar of Fedhas.
  2518 | D:5      | Entered Level 5 of the Dungeon
  2518 | D:5      | Noticed a sky beast
  2539 | D:5      | Killed a sky beast
  2539 | D:5      | Reached skill level 5 in Axes
  2945 | D:5      | Found a deep blue altar of Sif Muna.
  3019 | D:5      | Reached skill level 5 in Fighting
  3130 | D:5      | Reached skill level 6 in Armour
  3388 | D:5      | Noticed a sky beast
  3401 | D:5      | Killed a sky beast
  3401 | D:5      | Reached XP level 7. HP: 40/61 MP: 6/6
  3510 | D:5      | Found a stormy altar of Qazlal.
  3587 | D:5      | Found a sparkling altar of Nemelex Xobeh.
  3667 | D:5      | Noticed Menkaure
  3673 | D:5      | Killed Menkaure
  3806 | D:6      | Reached skill level 7 in Armour
  3899 | D:6      | Reached XP level 8. HP: 36/70 MP: 7/7
  3980 | D:6      | HP: 2/70 [orc warrior/+0 mace (17)]
  3981 | D:6      | Slain by an orc warrior

Levels and vault maps discovered:
D:1:      sevenhm_arrival_forest_fort_small_4, layout_basic
D:2:      layout_basic, marbit_many_paths, serial_glass, glass_columns_c,
          glass_columns_b, chequers_ecumenical_altar_simple_redux,
          kennysheep_minor_cross, chequers_serial_rivers_small_3
D:3:      layout_loops_ring, minmay_diced_spiral
D:4:      layout_basic, lemuel_round_altar, first_ration, serial_shops, shop
D:5:      layout_loops_corners, kennysheep_mini,
          nemelex_xobeh_ov_fountains_minmay, led_sif_book, uniq_menkaure
D:6:      layout_basic, kennysheep_little_box, serial_shops,
          kennysheep_mini_moat, bloody_makhleb

Skill      XL: |  1  2  3  4  5  6  7 |
---------------+----------------------+-----
Axes           | 3 4 5 6 |  6.9
Fighting       | 4 5 |  5.8
Armour         | 4 5 6 7 |  7.4
Dodging        | 1 2 3 |  3.6
Shields        | |  3.9

Action                   |  1- 3 |  4- 6 |  7- 9 || total
-------------------------+-------+-------+-------++-------
Melee: War axe           |    72 |   173 |    59 ||   304
       Headbutt          |     9 |    19 |    13 ||    41
Evoke: Wand              |       |     2 |       ||     2
  Use: Scroll            |     4 |     6 |     1 ||    11
       Potion            |     2 |     6 |     3 ||    11
  Eat: Chunk             |       |     8 |     2 ||    10
Armor: Scale mail        |    51 |   100 |    28 ||   179
Dodge: Dodged            |    50 |    75 |    36 ||   161
Block: Shield            |     2 |       |       ||     2

Table legend:
 A = Non-vault XP
 B = Vault XP
 C = Vault XP percentage of total XP
 D = Non-vault monster count
 E = Vault monster count
 F = Vault count percentage of total count
                 A         B        C        D         E       F
            +---------+---------+-------+---------+---------+-------
      Total |    1277 |     243 |  16.0 |      94 |       8 |   7.8
            +---------+---------+-------+---------+---------+-------
        D:1 |      37 |       0 |   0.0 |      21 |       0 |   0.0
        D:2 |     128 |       1 |   0.8 |      25 |       1 |   3.8
        D:3 |      36 |      33 |  47.8 |      14 |       5 |  26.3
        D:4 |     152 |       0 |   0.0 |      11 |       0 |   0.0
        D:5 |     462 |     209 |  31.1 |      14 |       2 |  12.5
        D:6 |     462 |       0 |   0.0 |       9 |       0 |   0.0
            +---------+---------+-------+---------+---------+-------
